cohdb
Replays
Latest Replays
All Replays
Popular Replays
Top Player Replays
Match Explorer
How It Works
Community
CoH3 Stats
Reddit
Sign in to upload your games and track your stats! →
Sign in with Steam
Match 45324067
Unlisted
Match 45324067
Overview
Messages
Build Orders
End
Construct Weapon Support Center
Selects Special Operations Battlegroup
Engineer Squad
M1919 Machine Gun Team
Bazooka Squad
.30 cal Machine Gun
M1919 Machine Gun Team
Mechanized Support Center
.30 cal Machine Gun
Selects M29 Weasel with M1 Pack Howitzer
M29 Weasel with M1 Pack Howitzer
M3 Armored Personnel Carrier
Construct Medical Station
Selects Raiding Flares
Construct Tank Depot
Engineer Squad
M18 Hellcat Tank Destroyer
Selects Mark Vehicle
Selects UNKNOWN (2162291)
Mark Vehicle
Salvage Crew
Tea Cup
Tirant
.
Stormwing
[PBS] Sigizmund
THE one-冰封夕阳
hinanawi
GAGE
0
0
Comments
sign in to comment!
No comments posted yet!